 Dungeon Crawl Stone Soup version 0.21.1-1-g345015f (webtiles) character file.

186 Goblin1989 the Chopper (level 5, -4/41 HPs)
             Began as a Demonspawn Monk on Feb 5, 2018.
             Was an Initiate of Gozag.
             Slain by an orc
             ... wielding a +0 war axe
              (8 damage)
             ... while paralysed
             ... on level 5 of the Dungeon on Feb 7, 2018.
             The game lasted 00:07:14 (2766 turns).

Goblin1989 the Chopper (Demonspawn Monk)            Turns: 2766, Time: 00:07:15

Health: -4/41      AC:  5    Str: 13    XL:     5   Next: 38%
Magic:  5/5        EV:  2    Int: 11    God:    Gozag
Gold:   247        SH:  0    Dex: 15    Spells: 2/4 levels left

rFire    . . .     SeeInvis .   a - +0 hand axe
rCold    + . .     Gourm    .   (no shield)
rNeg     . . .     Faith    .   b - +0 robe
rPois    .         Spirit   .   (no helmet)
rElec    .         Reflect  .   (no cloak)
rCorr    .         Harm     .   n - +0 pair of gloves
MR       .....                  (no boots)
Stlth    ++........             (no amulet)
HPRegen  0.13/turn              (no ring)
MPRegen  0.09/turn              (no ring)

@: paralysed, fainting
A: slimy green scales 1, cold resistance 1
a: Potion Petition, Call Merchant, Bribe Branch, Renounce Religion


You were on level 5 of the Dungeon.
You worshipped Gozag.
Gozag was aware of your devotion.
You were fainting.

You visited 1 branch of the dungeon, and saw 5 of its levels.

You collected 247 gold pieces.

Inventory:

Hand Weapons
 a - a +0 hand axe (weapon)
Armour
 b - a +0 robe (worn)
 j - a +0 scale mail
 n - a +0 pair of gloves (worn)
Scrolls
 f - 3 scrolls of identify {unknown}
 h - 8 scrolls of remove curse {unknown}
 i - 2 scrolls of blinking {unknown}
 m - 2 scrolls of teleportation {unknown}
 s - a scroll of fear {unknown}
 t - a scroll of magic mapping {unknown}
 u - a scroll of amnesia {unknown}
Potions
 k - a potion of mutation {unknown}
 l - a potion of curing {unknown}
 o - a potion of cancellation {unknown}
 p - a potion of agility {unknown}
 q - a potion of ambrosia {unknown}
 r - 2 potions of haste {unknown}


   Skills:
 - Level 3.0 Fighting
 + Level 5.6 Axes
 - Level 2.6 Dodging
 - Level 1.7 Stealth


You had 2 spell levels left.
You knew the following spells:

 Your Spells              Type           Power        Failure   Level  Hunger
b - Animate Skeleton      Necr           N/A          34%         1    ##.....
o - Apportation           Tloc           #.....       34%         1    ##.....


Dungeon Overview and Level Annotations

Branches:
Dungeon (5/15)             Temple (0/1) D:5

Altars:
Dithmenos
Elyvilon
Gozag
Kikubaaqudgha
Vehumet


Innate Abilities, Weirdness & Mutations

You are partially covered in slimy green scales. (AC +2)
Your flesh is cold resistant. (rC+)


Message History

You climb upwards.
There is a stone staircase leading down here.
You open the door.
There is an open door here.
There is an open door here.
Search for what [? for help]? food Can't find anything matching that.
An orc comes into view. It is wielding a mace.
The orc shouts!
You hear an angry hiss.
A frilled lizard comes into view.
The frilled lizard hisses angrily.
Found a stone staircase leading down.
The orc hits you but does no damage.
You closely miss the orc. The orc barely misses you.
You barely miss the orc. The orc barely misses you.
You hit the orc but do no damage. The frilled lizard bites you.
You take 3 damage, and have 38/41 hp.
You barely miss the orc. You hit the frilled lizard.
You kill the frilled lizard!
The orc hits you but does no damage.
You barely miss the orc. The orc hits you but does no damage.
You hit the orc but do no damage. The orc barely misses you.
You closely miss the orc. The orc closely misses you.
You hit the orc but do no damage.
The orc is distracted by the nearby gold.
The orc shouts!
You hit the orc.
The orc is no longer distracted by gold.
The orc is severely wounded.
The orc closely misses you.
You hit the orc.
You kill the orc!
You now have 247 gold pieces (gained 4).
Things that are here:
a mace; a leather armour
There is a stone staircase leading down here.
You climb downwards.
A leopard gecko and a skeleton come into view.
There is a stone staircase leading up here.
Health restored: 41 The leopard gecko hisses angrily.
The hound skeleton bites you.
You take 1 damage, and have 40/41 hp.
The hound skeleton bites you.
You take 1 damage, and have 39/41 hp.
The hound skeleton misses you. The hound skeleton misses you.
Health restored: 41 The hound skeleton bites you but does no damage.
The hound skeleton bites you but does no damage.
The hound skeleton misses you.
The hound skeleton bites you but does no damage.
There is a stone staircase leading down here.
The hound skeleton bites you.
You climb downwards.
You hear the sound of rushing water.
There is an entrance to a sewer on this level.
Hurry and find it before the portal rusts away!
An orc, an orc wizard and a zombie come into view.
Found a stone staircase leading down and a staircase to the Ecumenical Temple.
There is a stone staircase leading up here.
You take 2 damage, and have 39/41 hp.
Unknown command.
An orc comes into view. It is wielding a war axe.
The orc shouts!
You hear a shout!
The orc wizard gestures at you while chanting.
You are confused.
A worker ant comes into view.
You are fainting from starvation!
The worker ant twitches its antennae in your direction.
The orc wizard casts a spell.
The orc wizard flickers and vanishes!
Deactivating autopickup; reactivate with Ctrl-A.
The orc hits you but does no damage.
There is a staircase to the Ecumenical Temple here.
Something hits you. The orc hits you with a war axe.
There is a staircase to the Ecumenical Temple here.
You take 7 damage, and have 33/41 hp.
You barely miss something. You closely miss the orc.
You hit the orc but do no damage.
You lose consciousness!
The orc barely misses you. Something hits you but does no damage.
The orc hits you but does no damage.
You feel less confused. The orc hits you but does no damage.
Something hits you but does no damage. The orc hits you with a club.
The orc hits you with a war axe. The adder zombie barely misses you.
Something hits you but does no damage. The orc hits you with a club.
The orc hits you with a war axe!
* * * LOW HITPOINT WARNING * * *
The adder zombie barely misses you. Something completely misses you.
The orc hits you with a club.
* * * LOW HITPOINT WARNING * * *
The adder zombie bites you.
* * * LOW HITPOINT WARNING * * *
The orc hits you with a war axe!
* * * LOW HITPOINT WARNING * * *
Something hits you but does no damage.
The adder zombie bites you but does no damage.
The orc hits you but does no damage. The orc hits you with a war axe!
You die...
Your body crumbles into a pile of gold. █████

█.....
████████.......█
.█.....█.........
..(..............
.................
......█.8.█......
.................
......8o@Z8......
.......{o........
......█a8.█......
.................
█.$.██.█.........
█.█.............█
........<......██
?███.)..>....█.█
█!.=.......█.█


You could see a worker ant, 2 orcs and an adder zombie.

Vanquished Creatures
  A bullfrog skeleton (D:4)
  An iguana (D:3)
  4 gnolls (D:2)
  3 adders
  A dart slug (D:1)
  4 leopard geckos (D:1)
  An orc (D:3)
  2 ball pythons (D:1)
  5 bats
  5 giant cockroaches
  7 goblins
  5 hobgoblins
  8 kobolds
  A quokka (D:4)
  3 frilled lizards
  6 rats
57 creatures vanquished.

Notes
Turn   | Place    | Note
-------+----------+-------------------------------------------
     0 | D:1      | Goblin1989 the Demonspawn Monk began the quest for the Orb.
     0 | D:1      | Reached XP level 1. HP: 18/18 MP: 1/1
     4 | D:1      | Noticed a dwarf
     6 | D:1      | Noticed an elf
    13 | D:1      | Noticed a vampire
    15 | D:1      | Noticed a troll
    17 | D:1      | Noticed a merfolk zombie
    19 | D:1      | Noticed a dwarf
    52 | D:1      | Reached skill level 3 in Axes
    77 | D:1      | Gained mutation: You are partially covered in slimy green scales. (AC +2) [demonic ancestry]
    77 | D:1      | Reached XP level 2. HP: 24/24 MP: 2/2
   372 | D:1      | Reached XP level 3. HP: 21/29 MP: 3/3
   693 | D:1      | Reached skill level 4 in Axes
   966 | D:2      | Found a shadowy altar of Dithmenos.
   967 | D:2      | Found an opulent altar of Gozag.
   989 | D:2      | Became a worshipper of Gozag Ym Sagoz the Greedy
  1044 | D:2      | Reached XP level 4. HP: 21/35 MP: 4/4
  1638 | D:2      | Found an ancient bone altar of Kikubaaqudgha.
  1638 | D:2      | Found a radiant altar of Vehumet.
  1780 | D:3      | Reached skill level 5 in Axes
  1949 | D:3      | Gained mutation: Your flesh is cold resistant. (rC+) [demonic ancestry]
  1949 | D:3      | Reached XP level 5. HP: 8/41 MP: 5/5
  2065 | D:3      | Noticed an ogre
  2074 | D:3      | Wingboner: Ня.
  2091 | D:3      | Wingboner: Демонизированные евреи отаке.
  2091 | D:3      | Goblin1989: ghbdtns
  2091 | D:3      | Goblin1989: приветы
  2091 | D:3      | Wingboner: бНОПНЯ
  2196 | D:4      | Learned a level 1 spell: Animate Skeleton
  2198 | D:4      | Learned a level 1 spell: Apportation
  2450 | D:4      | Wingboner: Что за тайл?
  2458 | D:4      | Wingboner: Довольно неплохо выглядит.
  2458 | D:4      | Wingboner: А, у тебя случайный.
  2506 | D:4      | Goblin1989: aga
  2554 | D:4      | Found a white marble altar of Elyvilon.
  2589 | D:4      | Noticed an ogre
  2750 | D:5      | Entered Level 5 of the Dungeon
  2750 | D:5      | Found a staircase to the Ecumenical Temple.
  2761 | D:5      | Paralysed by fainting for 6 turns
  2766 | D:5      | Slain by an orc

Skill      XL: |  1  2  3  4 |
---------------+-------------+-----
Axes           | 3 4 5 |  5.6
Fighting       | |  3.0
Dodging        | |  2.6
Stealth        | |  1.7

Action                   |  1- 3 |  4- 6 || total
-------------------------+-------+-------++-------
Melee: Hand axe          |    92 |   103 ||   195
 Stab: Sleeping          |     4 |     5 ||     9
       Distracted        |     1 |       ||     1
  Eat: Ration            |       |     1 ||     1
Armor: Robe              |    14 |    32 ||    46
Dodge: Dodged            |    70 |    66 ||   136

Vault maps used:
D:1:      shiori_arrival_whats_in_store_for_you
D:2:      grunt_temple_overflow_open, gammafunk_temple_overflow_statue
D:3:      chequers_ecumenical_altar_simple
D:4:      lemuel_round_altar, uniq_natasha
D:5:      minmay_temple_entry_statues_pillars, first_ration,
          portal_sewer_entry_b
